 Dungeon Crawl Stone Soup version 0.27.1-37-g7b29ead8ac (webtiles) character file.

Game seed: 989102509006828904

128 tkbsonic5 the Sneak (level 5, 0/44 HPs)
             Began as a Naga Enchanter on Oct 21, 2023.
             Slain by an orc (6 damage)
             ... on level 3 of the Dungeon.
             The game lasted 00:06:08 (2794 turns).

tkbsonic5 the Sneak (Naga Enchanter)                Turns: 2794, Time: 00:06:09

Health: 0/44       AC:  2    Str: 10    XL:     5   Next: 12%
Magic:  6/8        EV: 10    Int: 16    God:
Gold:   69         SH:  0    Dex: 12    Spells: 2/8 levels left

rFire    . . .     SeeInvis +   c - +2 short sword (speed)
rCold    . . .     Faith    .   (no shield)
rNeg     . . .     Spirit   .   b - +0 robe
rPois    +         Reflect  .   (no helmet)
rElec    .         Harm     .   (no cloak)
rCorr    .         Rampage  .   (no gloves)
Will     .....                  (no barding)
Stlth    +++.......             (no amulet)
HPRegen  0.14/turn              (no ring)
MPRegen  0.11/turn              (no ring)

@: flying, very slow
A: AC +1, large, see invisible, deformed body, poison resistance, slowness 2,
spit poison 1, naga tail 1
a: Spit Poison


You were on level 3 of the Dungeon.
You visited 1 branch of the dungeon, and saw 3 of its levels.

You collected 69 gold pieces.

Inventory:

Hand Weapons
 a - a +1 dagger
 c - a +2 short sword of speed (weapon)
 m - a +0 dagger of pain
 o - a +0 dagger of venom
Missiles
 g - 7 poisoned darts
Armour
 b - a +0 robe (worn)
Scrolls
 d - a scroll of identify
 f - a scroll of blinking
 j - a scroll of enchant armour {unknown}
 k - a scroll of amnesia {unknown}
 l - a scroll of fog {unknown}
Potions
 h - a potion of attraction {unknown}
 n - a potion of resistance {unknown}
 p - 2 potions of heal wounds {unknown}


   Skills:
 * Level 1.6 Fighting
 * Level 1.9 Short Blades
 + Level 0.7 Armour
 + Level 2.0 Dodging
 * Level 5.2 Stealth
 + Level 2.2 Spellcasting
 * Level 3.5 Hexes
 * Level 1.2 Ice Magic


You had 2 spell levels left.
You knew the following spells:

 Your Spells              Type           Power      Damage    Failure   Level
a - Corona                Hex            14%        N/A       4%          1
b - Ensorcelled Hibernat  Hex/Ice        18%        N/A       12%         2
c - Confusing Touch       Hex            13%        N/A       14%         3

Your spell library contained the following spells:

 Spells                   Type           Power      Damage    Failure   Level
 Tukima's Dance           Hex            13%        N/A       14%         3
 Dazzling Flash           Conj/Hex       14%        N/A       28%         3
 Gell's Gravitas          Tloc           0%         N/A       52%         3
 Lesser Beckoning         Tloc           0%         N/A       52%         3
 Teleport Other           Tloc           1%         N/A       52%         3


Dungeon Overview and Level Annotations

Branches:
Dungeon (3/15)

Altars:


Innate Abilities, Weirdness & Mutations

Your serpentine skin is tough. (AC +1)
You have supernaturally acute eyesight. (SInv)
Armour fits poorly on your strangely shaped body.
Your system is resistant to poisons. (rPois)
You cover ground very slowly.
You can spit poison.
You have a snake-like lower body.


Message History

The orc is heavily wounded.
You closely miss the orc.
The orc is heavily wounded.
You hit the orc.
The orc is heavily wounded.
The orc barely misses you.
Okay, then.
Casting: Corona (safe; 4% risk of failure)
Confirm with . or Enter, or press ? or * to list all spells.
Aiming: Ensorcelled Hibernation (safe; 12% risk of failure)
Press: ? - help, Shift-Dir - straight line, f - orc wizard, p - orc
Aim: an orc wizard, wielding a +0 dagger and wearing a +0 robe (moderately wounded, poisoned, chance to affect: 40%)
The orc wizard resists with some effort.
You have got your breath back.
The orc wizard points at you and mumbles some strange words.
The magic dart hits you! The orc closely misses you.
You hit the orc wizard.
The orc wizard is moderately wounded.
You hit the orc wizard.
The orc wizard is heavily wounded.
The orc wizard hits you with a +0 dagger.
The orc hits you with a +0 flail!
* * * LOW HITPOINT WARNING * * *
Unknown command.
You closely miss the orc wizard.
The orc wizard is heavily wounded.
The orc wizard casts a spell.
The orc wizard flickers and vanishes for a moment.
The orc barely misses you.
The orc priest looks satisfied for a moment.
You feel better. The orc wizard barely misses you.
The orc hits you with a +0 flail!
* * * LOW HITPOINT WARNING * * *
It was a potion of flight.
You feel very buoyant.
You fly up into the air.
The orc wizard looks more healthy.
The orc wizard hits you with a +0 dagger.
* * * LOW HITPOINT WARNING * * *
The orc hits you with a +0 flail.
You die...

. .# ##.######
........####
.######....##
.#.....)##..###
........###...####
##...>..# ###....#
#..†....# ####@###
........#


#ooo# ##......# ###..# ........# #...# #######.[. .....# #### ##... .. # You
could see an orc priest, an orc wizard (invisible) and an orc.

Vanquished Creatures
  Natasha (twice) (D:2)
  3 adders (D:2)
  3 dart slugs
  4 endoplasms
  2 giant cockroaches
  4 goblins
  2 hobgoblins
  4 jackals (D:1)
  A quokka (D:2)
  5 ball pythons
  4 bats
  3 frilled lizards
  9 kobolds
  3 rats
49 creatures vanquished.

Notes
Turn   | Place    | Note
-------+----------+-------------------------------------------
     0 | D:1      | tkbsonic5 the Naga Enchanter began the quest for the Orb.
     0 | D:1      | Reached XP level 1. HP: 15/15 MP: 3/3
   577 | D:1      | Reached XP level 2. HP: 21/24 MP: 5/5
   698 | D:1      | Learned a level 2 spell: Ensorcelled Hibernation
  1110 | D:1      | Reached skill level 1 in Fighting
  1129 | D:1      | Reached XP level 3. HP: 16/31 MP: 4/6
  1879 | D:2      | Learned a level 3 spell: Confusing Touch
  1937 | D:2      | Reached XP level 4. HP: 35/38 MP: 5/7
  2049 | D:2      | Noticed Natasha
  2064 | D:2      | Killed Natasha
  2065 | D:2      | Reached skill level 5 in Stealth
  2065 | D:2      | Reached skill level 1 in Ice Magic
  2406 | D:2      | Noticed Natasha
  2441 | D:2      | Killed Natasha
  2442 | D:2      | Reached XP level 5. HP: 14/44 MP: 5/8
  2794 | D:3      | Slain by an orc

Illustrated notes

Levels and vault maps discovered:
D:1:      ebering_hopf_link, layout_basic, minmay_misc_feat_room
D:2:      minmay_door_path, layout_rooms, hellmonk_ecumenical_altar_run_dry,
          kennysheep_generic_room_7, uniq_natasha
D:3:      layout_rooms

Skill      XL: |  1  2  3  4 |
---------------+-------------+-----
Fighting       | 1 |  1.6
Stealth        | 5 |  5.2
Ice Magic      | 1 |  1.2
Dodging        | 2 |  2.0
Short Blades   | |  1.9
Armour         | |  0.7
Spellcasting   | |  2.2
Hexes          | |  3.5

Action                   |  1- 3 |  4- 6 || total
-------------------------+-------+-------++-------
Melee: Short sword       |   103 |    49 ||   152
 Cast: Corona            |    19 |     6 ||    25
       Ensorcelled Hiber |       |     2 ||     2
 Abil: Spit Poison       |     7 |     3 ||    10
  Use: Scroll            |     4 |       ||     4
       Potion            |       |     3 ||     3
 Stab: Sleeping          |     3 |     2 ||     5
Armor: Robe              |    19 |     5 ||    24
Dodge: Dodged            |    60 |    20 ||    80
